 Dungeon Crawl Stone Soup version 0.29-a0-323-g050149af67 (console) character file.

Game seed: 14922426951726084402

49 Gambler the Shield-Bearer (level 3, -2/33 HPs)
             Began as a Minotaur Fighter on Apr 11, 2022.
             Killed from afar by an electric eel (10 damage)
             ... with a bolt of electricity
             ... on level 3 of the Dungeon.
             The game lasted 00:33:57 (1263 turns).

Gambler the Shield-Bearer (Minotaur Fighter)        Turns: 1263, Time: 00:33:58

Health: -2/33      AC:  7    Str: 20    XL:     3   Next: 51%
Magic:  2/2        EV:  9    Int:  5    God:
Gold:   85         SH:  4    Dex: 11    Spells: 2/2 levels left

rFire   . . .      SeeInvis .   a - +0 long sword
rCold   . . .      Faith    .   c - +0 buckler
rNeg    . . .      Spirit   .   b - +0 scale mail
rPois   .          Reflect  .   (helmet restricted)
rElec   .          Harm     .   (no cloak)
rCorr   .          Rampage  .   (no gloves)
Will    .....                   (no boots)
Stlth   ..........              (no amulet)
HPRegen 0.11/turn               (no ring)
MPRegen 0.08/turn               (no ring)

@: about to teleport
A: horns 2, retaliatory headbutt
a: no special abilities


You were on level 3 of the Dungeon.
You visited 1 branch of the dungeon, and saw 3 of its levels.

You collected 124 gold pieces.
You spent 39 gold pieces at shops.

Inventory:

Hand Weapons
 a - a +0 long sword (weapon)
 j - a +0 dagger
 k - a +0 long sword
Armour
 b - a +0 scale mail (worn)
 c - a +0 buckler (worn)
 g - a +0 leather armour
 m - a +0 scale mail
Magical Staves
 h - a staff of death
Wands
 l - a wand of acid (10)
 p - a wand of flame (25)
Scrolls
 o - a scroll of vulnerability
Potions
 d - a potion of might
 e - 4 potions of curing
 i - a potion of flight {unknown}
 n - a potion of berserk rage {unknown}


   Skills:
 + Level 4.2 Fighting
 + Level 3.0 Long Blades
 + Level 4.1 Armour
 + Level 4.3 Shields


You had 2 spell levels left.
You didn't know any spells.
Your spell library was empty.

Dungeon Overview and Level Annotations

Branches:
Dungeon (3/15)

Altars:

Shops:
D:1 ?   D:2 (

Annotations:
D:3 1 transporter


Innate Abilities, Weirdness & Mutations

You have a pair of horns on your head.
You reflexively headbutt those who attack you in melee.


Message History

The plant is lightly damaged.
Press: ? - help, v - describe, . - travel A transporter landing site.
There is a transporter landing site here.
You can't go down here!
A nearby plant withers and dies.
p - a wand of flame (25)
There are no items here.
Press: ? - help, v - describe, . - travel A translucent stone wall.
Press: ? - help, v - describe, . - travel The floor.
You enter the shallow water.
Moving in this stuff is going to be slow.
Press: ? - help, v - describe, . - travel A translucent stone wall.
There is a transporter landing site here.
You slash the plant!
The plant begins to die.
The plant is lightly damaged.
You slash the plant!
The plant is lightly damaged.
You slash the plant!
The plant is lightly damaged.
A nearby plant withers and dies.
You enter the shallow water.
Moving in this stuff is going to be slow.
Hit: a) +0 long sword
Press: ? - help, Dir - move target There's something in the way.
There is a transporter landing site here.
You open the door.
There is an open door here.
The electric eel shoots out a bolt of lightning at you!
The bolt of electricity hits you! x2
* * * LOW HITPOINT WARNING * * *
As you read the scroll of teleportation, it crumbles to dust.
You feel strangely unstable.
The electric eel shoots out a bolt of lightning at you!
The bolt of electricity hits you!
You die...

...................+........
..........####.....######.##
####......# #.....# #.#
#.........########## #.##
....<#............. #.##
##+##.#..########### #..'
.........#8≈#S≈≈≈≈≈≈ #.##
.....#...#..#..P≈≈≈≈ ...#.
.... #..©#©.@..≈⌠PP≈ ©#©..#.
... #...#..#..≈P≈≈≈#..#...#<
.. #...#8≈#S≈≈≈≈≈≈#P8#...##
. ##..###############...##
#...........=........##
#.........>... #
############## # .


You could see 2 electric eels.

Vanquished Creatures
  An adder (D:3)
  A dart slug (D:1)
  4 bats
  6 endoplasms
  4 giant cockroaches
  4 goblins
  3 hobgoblins
  2 quokkas (D:1)
  2 ball pythons
  2 frilled lizards (D:1)
  2 kobolds
  3 rats
34 creatures vanquished.

Vanquished Creatures (others)
  3 plants
3 creatures vanquished.

Grand Total: 37 creatures vanquished

Notes
Turn   | Place    | Note
-------+----------+-------------------------------------------
     0 | D:1      | Gambler the Minotaur Fighter began the quest for the Orb.
     0 | D:1      | Reached XP level 1. HP: 19/19 MP: 0/0
     1 | D:1      | Noticed a naga
     7 | D:1      | Noticed an elf
    10 | D:1      | Noticed a gargoyle
    16 | D:1      | Noticed a demonspawn
    18 | D:1      | Noticed a vine stalker
    26 | D:1      | Noticed a barachi
   336 | D:1      | Reached XP level 2. HP: 25/27 MP: 1/1
   600 | D:1      | Found Ijoemee's Magic Scroll Boutique.
   614 | D:1      | Bought a scroll of teleportation for 39 gold pieces
   833 | D:2      | Reached XP level 3. HP: 32/33 MP: 2/2
  1106 | D:2      | Found Uvvoferi's Weapon Shop.
  1184 | D:3      | Found a transporter.
  1223 | D:3      | Found a transporter.
  1263 | D:3      | Killed from afar by an electric eel

Illustrated notes

Levels and vault maps discovered:
D:1:      shiori_arrival_whats_in_store_for_you, layout_basic, serial_shops,
          nicolae_diamond_shop, serial_forest, infiniplex_forest_lined_room_,
          infiniplex_forest_straight_2, infiniplex_forest_clump_large,
          infiniplex_forest_clump_tiny, infiniplex_forest_clump_small,
          infiniplex_forest_clump_small, infiniplex_forest_straight_3
D:2:      layout_basic, serial_shops, shop
D:3:      gammafunk_steamed_eel, layout_basic, ebering_ghost_reflecting_pool,
          hangedman_decor_points

Skill      XL: |  1  2  3 |
---------------+----------+-----
Shields        | 4 |  4.3
Fighting       | 4 |  4.2
Armour         | 4 |  4.1
Long Blades    | 3 |  3.0

Action                   || total
-------------------------++-------
Melee: Long sword        ||    90
       Headbutt          ||     9
  Use: Scroll            ||     6
Armor: Scale mail        ||    44
Dodge: Dodged            ||    34
Block: Buckler           ||    11

Table legend: (Time is in decaauts)
 A = Elapsed time spent in this place.
 B = Non-inter-level travel time spent in this place.
 C = Inter-level travel time spent in this place.
 D = Time resting spent in this place.
 E = Time spent auto-exploring this place.
 F = Levels seen in this place.
 G = Mean time per level.
                   A        B        C        D        E       F      G
               +--------+--------+--------+--------+--------+-----+--------+
         Total |   1291 |   1181 |    110 |      0 |    357 |   3 |  430.3 |
       Dungeon |   1291 |   1181 |    110 |      0 |    357 |   3 |  430.3 |
               +--------+--------+--------+--------+--------+-----+--------+

Top non-repeatable levels by time:
     D:1: 822 daAuts
     D:2: 376 daAuts
     D:3: 92 daAuts
